 Dungeon Crawl Stone Soup version 0.29-a0-825-g72347fce65 (webtiles) character file.

Game seed: 10069199781656564622

15 EnegeticOcto the Scratcher (level 2, 0/12 HPs)
             Began as a Felid Transmuter on July 11, 2022.
             Slain by a bat (1 damage)
             ... on level 1 of the Dungeon.
             The game lasted 00:02:03 (328 turns).

EnegeticOcto the Scratcher (Felid Transmuter)        Turns: 328, Time: 00:02:04

Health: 0/12       AC:  1    Str:  6    XL:     2   Next: 34%
Magic:  6/6        EV: 17    Int: 14    God:
Gold:   0          SH:  0    Dex: 16    Spells: 4/5 levels left
                                        Lives:  0   Deaths: 0

rFire   . . .      SeeInvis +   c - 2 scrolls of vulnerability {unknown}
rCold   . . .      Faith    .   (shield unavailable)
rNeg    . . .      Spirit   .   (body armour unavailable)
rPois   .          Reflect  .   (helmet unavailable)
rElec   .          Harm     .   (cloak unavailable)
rCorr   .          Rampage  .   (gloves unavailable)
Will    .....                   (boots unavailable)
Stlth   ++........              (no amulet)
HPRegen 0.04/turn               (no ring)
MPRegen 0.10/turn               (no ring)

@: brilliant, quick
A: very small, claws 1, fangs 3, see invisible, speed 1, shaggy fur 1, stealthy
paws, no weapons or thrown items, no armour, multi-lived
a: no special abilities


You were on level 1 of the Dungeon.
You visited 1 branch of the dungeon, and saw 1 of its levels.

Inventory:

Scrolls
 c - 2 scrolls of vulnerability (in mouth) {unknown}
 e - a scroll of fog {unknown}


   Skills:
 - Level 1.0 Fighting
 - Level 2.6 Dodging
 - Level 2.0 Stealth
 - Level 3.0 Unarmed Combat
 - Level 2.0 Spellcasting
 + Level 2.9 Transmutations


You had 4 spell levels left.
You knew the following spells:

 Your Spells              Type           Power      Damage    Failure   Level
a - Beastly Appendage     Tmut           28%        N/A       7%          1

Your spell library contained the following spells:

 Spells                   Type           Power      Damage    Failure   Level
 Wereblood                Tmut           14%        N/A       11%         2
 Spider Form              Tmut/Pois      8%         N/A       36%         3
 Ice Form                 Ice/Tmut       8%         N/A       78%         4


Dungeon Overview and Level Annotations

Branches:
Dungeon (1/15) Zot: 5709

Altars:


Innate Abilities, Weirdness & Mutations

You have sharp claws.
You have razor-sharp teeth.
You have supernaturally acute eyesight. (SInv)
You cover ground quickly. (Speed+)
You are covered in fur. (AC +1)
Your paws help you pounce on unaware monsters.
You are incapable of wielding weapons or throwing items.
You cannot wear armour.
You gain extra lives every three experience levels.


Message History

You kill the kobold!
No target in view!
Your transformation is almost over.
Your horns disappear.
d - a white potion;
e - a scroll labelled AWNACZ BUMOSEI
Items here: ( )) ††.
Found a plate armour.
Found two stone staircases leading down.
A rat comes into view.
You see here a +0 plate armour.
Casting: Beastly Appendage (safe; 9% risk of failure)
Confirm with . or Enter, or press ? or * to list all spells.
You miscast Beastly Appendage.
You are very lightly contaminated with residual magic.
Nothing appears to happen.
Casting: Beastly Appendage (safe; 9% risk of failure)
Confirm with . or Enter, or press ? or * to list all spells.
You grow a pair of large bovine horns.
The rat misses you.
You scratch the rat but do no damage. The rat barely misses you.
You closely miss the rat. You bite the rat, but do no damage.
Your transformation is almost over.
The rat completely misses you.
You scratch the rat.
You kill the rat!
Your magical contamination has completely faded away.
Your horns disappear.
A ball python comes into view.
Casting: Beastly Appendage (safe; 9% risk of failure)
Confirm with . or Enter, or press ? or * to list all spells.
You miscast Beastly Appendage.
You are very lightly contaminated with residual magic.
Nothing appears to happen.
The ball python hisses angrily.
A goblin comes into view. It is wielding a +2 dagger of venom.
Casting: Beastly Appendage (safe; 9% risk of failure)
Confirm with . or Enter, or press ? or * to list all spells.
You grow a pair of large bovine horns.
The goblin shouts!
You scratch the ball python.
You kill the ball python!
Your transformation is almost over.
A bat comes into view.
Press: ? - help, v - describe, . - travel
Here: a goblin, wielding a +2 dagger of venom The floor.
Casting: Beastly Appendage (safe; 8% risk of failure)
Confirm with . or Enter, or press ? or * to list all spells.
You extend your transformation's duration.
A bat comes into view.
A frilled lizard comes into view.
Your magical contamination has completely faded away.
You scratch the goblin.
The goblin is severely wounded.
The bat misses you.
The goblin hits you with a +2 dagger of venom.
You are lethally poisoned!
You scratch the goblin.
You kill the goblin!
Your transformation is almost over.
You feel very sick. The bat hits you but does no damage.
The bat barely misses you.
You scratch the bat.
You kill the bat!
You feel sick. The bat closely misses you.
It was a potion of flight.
You feel very buoyant.
You fly up into the air.
You feel sick.
It was a potion of brilliance.
You feel clever all of a sudden.
You feel sick.
You miss the frilled lizard.
* * * LOW HITPOINT WARNING * * *
You feel sick. The frilled lizard barely misses you.
You scratch the frilled lizard.
You kill the frilled lizard!
* * * LOW HITPOINT WARNING * * *
You feel sick.
Really quaff the potion of lignification?
Your horns disappear.
You turn into a tree.
Your roots penetrate the ground.
You feel sick.
You feel sick.
You are no longer poisoned.
Your transformation is almost over.
Okay, then.
Your mouth is already empty.
Okay, then.
c - 2 scrolls labelled RIZXAM IPHIMP (in mouth)
The bat hits you but does no damage. The bat hits you but does no damage.
The bat hits you but does no damage. The bat hits you but does no damage.
The bat barely misses you.
You feel less wooden.
Found 18 gold pieces.
A rat comes into view.
Really attack while wielding your 2 scrolls labelled RIZXAM IPHIMP?
You miss the bat. The bat hits you.
* * * LOW HITPOINT WARNING * * *
The bat hits you.
You die...

##.#.# #
######....##.#
......)#.....# #
##.##......###
#.##.##.#.#..#.#
...............#
.............#.#
#.#.#..#..#.###
#.#.@#$.###
#.b...# .......#
####...## ##.##
.# r# .#


You could see a bat and a rat (wandering).

Vanquished Creatures
  A ball python (D:1)
  A bat (D:1)
  An endoplasm (D:1)
  A giant cockroach (D:1)
  2 goblins (D:1)
  A hobgoblin (D:1)
  A frilled lizard (D:1)
  4 kobolds (D:1)
  2 rats (D:1)
14 creatures vanquished.

Notes
Turn   | Place    | Note
-------+----------+-------------------------------------------
     0 | D:1      | EnegeticOcto the Felid Transmuter began the quest for the
                  | Orb.
     0 | D:1      | Reached XP level 1. HP: 9/9 MP: 4/4
    97 | D:1      | Reached skill level 1 in Stealth
   131 | D:1      | Reached skill level 2 in Stealth
   190 | D:1      | Reached XP level 2. HP: 12/12 MP: 4/6
   328 | D:1      | Slain by a bat

Illustrated notes

Levels and vault maps discovered:
D:1:      wheals_arrival_shading, layout_loops_ring, chequers_hall_statues_y

Skill      XL: |  1 |
---------------+----+-----
Stealth        | 2 |  2.0
Fighting       | |  1.0
Dodging        | |  2.6
Unarmed Combat | |  3.0
Spellcasting   | |  2.0
Transmutations | |  2.9

Action                   || total
-------------------------++-------
Melee: Unarmed           ||    21
       Bite              ||     2
 Cast: Beastly Appendage ||     9
  Use: Potion            ||     3
 Stab: Sleeping          ||     1
Armor: Skin              ||     5
Dodge: Dodged            ||    11

Table legend: (Time is in decaauts)
 A = Elapsed time spent in this place.
 B = Non-inter-level travel time spent in this place.
 C = Inter-level travel time spent in this place.
 D = Time resting spent in this place.
 E = Time spent auto-exploring this place.
 F = Levels seen in this place.
 G = Mean time per level.
                   A        B        C        D        E       F      G
               +--------+--------+--------+--------+--------+-----+--------+
         Total |    289 |    289 |      0 |      0 |    177 |   1 |  289.0 |
       Dungeon |    289 |    289 |      0 |      0 |    177 |   1 |  289.0 |
               +--------+--------+--------+--------+--------+-----+--------+

Top non-repeatable levels by time:
     D:1: 289 daAuts
